Description

A safe response for canon rush played on dreamhack 2022 atlanta by Showtime vs Dns

VOD

https://www.youtube.com/watch?v=sDircXOtfUM

Build Order

Get SALT Encoding   

  13  0:00  Probe  
  14  0:12  Probe  last probe to return minerals go to build pilot on low ground
  14  0:17  Pylon  probe mines on natural and after returning minerals go to build gateway
  15  0:24  Probe (Chrono Boost)  
  16  0:34  Probe  
  16  0:37  Gateway  Probe scouting enemy base, on forge, pull 1 probe to low ground and follow enemy probe
  17  0:45  Probe  
  17  0:47  Assimilator  
  18  0:52  Probe  
  19  1:02  Probe  
  19  1:07  Assimilator  
  20  1:15  Probe  stop building probes after this last one
  20  1:23  Pylon  proxy pilon built by scouting probe, if can be hidden earlier, as soon as 100 minerals
  20  1:24  Cybernetics Core  
  22  1:26  Zealot (Chrono Boost)  goes directly to enemy base
  23  1:32  Probe  ull 3 probes on canon in the main, 1 probe keeps following enemy probe
  23  2:02  Stargate  on proxy, same probe moves to build hidden nexus
  23  2:21  Nexus  on hidden place, from here keep mining as much as you can and protect probes from canons
  23  2:30  Pylon  on hidden nexus
  27  2:48  Void Ray (Chrono Boost)  2 chrono on stargate
  31  3:18  Void Ray  as sson as nexus is ready recall all probes from main and resume mining
  30  3:58  Void Ray  supply dropped because Showtimne lose 3 probes and a Zealot
  30  4:02  Assimilator  
Spawning Tool Build Advisor. Get it on Overwolf

Analysis

the most important part of this build is not freak out if you are getting cannon rushed, requires less micro than pulling a lot of probes to kill cannon and but is important to stop building probes when required to be able to afford new Stargate and nexus.

Go to:

Details

  • Created by: kvzonbr
  • Published on: Oct 05, 2022
  • Modified on: Oct 05, 2022
  • Patch: 4.11.0
  • Difficulty: Easy
Show
View Real Time Build Order
Export as new Build Order

Comments (0)

There are no comments. Be the first!

Create an account to comment!